 Dungeon Crawl Stone Soup version 0.19-a0-1850-g63fd1ff (webtiles) character file.

2924 Naow the Cleaver (level 9, 0/71 HPs)
             Began as a Minotaur Berserker on Oct 10, 2016.
             Was an Elder of Trog.
             Succumbed to Erica's bolt of poison
             ... on level 8 of the Dungeon.
             The game lasted 00:07:55 (6246 turns).

Naow the Cleaver (Minotaur Berserker)               Turns: 6246, Time: 00:07:56

Health: 0/71       AC: 16    Str: 24    XL:     9   Next: 50%
Magic:  8/8        EV:  8    Int:  7    God:    Trog [****..]
Gold:   519        SH:  0    Dex: 11    Spells: 0 memorised, 8 levels left

rFire  . . .     SeeInvis .     H - +1 mace "Xoamo Yfeph" {flame, Str+3}
rCold  . . .     Gourm    +     K - +0 plate armour
rNeg   . . .     Faith    .     (no shield)
rPois  .         Spirit   .     (helmet restricted)
rElec  .         Dismiss  .     w - -1 cloak
rCorr  .         Reflect  .     u - +0 pair of gloves
MR     .....     Harm     .     (no boots)
Stlth  ..........               E - amulet of the gourmand
                                (no ring)
                                i - ring of flight

@: lethally poisoned (0 -> -16), exhausted, starving, slowed, very slow
A: retaliatory headbutt, horns 2
a: Berserk, Trog's Hand, Brothers in Arms, Burn Spellbooks, Renounce Religion,
Evoke Flight


You were on level 8 of the Dungeon.
You worshipped Trog.
Trog was greatly pleased with you.
You were starving.

You visited 1 branch of the dungeon, and saw 8 of its levels.

You collected 519 gold pieces.

Inventory:

Hand Weapons
 a - a +0 hand axe
 H - the +1 mace "Xoamo Yfeph" (weapon) {flame, Str+3}
   (You found it on level 7 of the Dungeon)

   It has been specially enchanted to burn those struck by it, causing extra
   injury to most foes and up to half again as much damage against particularly
   susceptible opponents.
   It affects your strength (+3).
Armour
 b - a +0 animal skin
 u - a +0 pair of gloves (worn)
 w - a -1 cloak (worn)
 x - a +0 chain mail
 K - a +0 plate armour (worn)
Jewellery
 i - a ring of flight (left hand)
 E - an amulet of the gourmand (around neck)
Wands
 A - a wand of flame (27/48)
 B - a wand of random effects (7/48)
 F - a wand of random effects (9/48)
 J - a wand of paralysis (11/24)
 L - a wand of random effects (31/48)
Scrolls
 d - a scroll of immolation
 e - a scroll of blinking
 f - a scroll of fog {unknown}
 h - a scroll of teleportation
 l - 4 scrolls of remove curse
 o - a scroll of magic mapping {unknown}
 p - a scroll of noise {unknown}
 r - 3 scrolls of random uselessness {unknown}
 t - 5 scrolls of identify {unknown}
 v - a scroll of enchant weapon {unknown}
 y - a scroll of amnesia {unknown}
Potions
 j - 3 potions of flight {unknown}
 k - 2 potions of cure mutation {unknown}
 m - a potion of invisibility {unknown}
 n - 2 potions of ambrosia {unknown}
 q - a potion of berserk rage {unknown}
 z - 2 potions of degeneration {unknown}
 D - a potion of curing {unknown}
 I - a potion of brilliance {unknown}
Comestibles
 c - 4 bread rations
 g - 3 fruits
 s - 2 meat rations
 C - 2 beef jerkies
 G - a slice of pizza
 M - 7 chunks of flesh


   Skills:
 - Level 3.7 Fighting
 - Level 12.3 Axes
 + Level 10.2 Armour
 - Level 2.1 Dodging


You had 8 spell levels left.
You didn't know any spells.

Dungeon Overview and Level Annotations

Branches:
Dungeon (8/15)             Temple (0/1) D:6
   Lair: D:8-11

Altars:
Dithmenos
Elyvilon
Gozag
Makhleb
Qazlal
Sif Muna
Trog
Yredelemnul
The Shining One


Innate Abilities, Weirdness & Mutations

You reflexively headbutt those who attack you in melee.
You have a pair of horns on your head.


Message History

You are starving!
Erica hits you with a scimitar of flaming.
* * * LOW HITPOINT WARNING * * *
Erica burns you.
* * * LOW HITPOINT WARNING * * *
The hungry ghost closely misses you.
Erica points at you and mumbles some strange words.
The bolt of poison hits you!
You are lethally poisoned!
* * * LOW HITPOINT WARNING * * *
You sock Erica! You burn Erica.
You kill Erica!
Trog accepts your kill.
Trog appreciates your killing of a magic user.
Your Armour skill gained 2 levels and is now at level 10!
* * * LOW HITPOINT WARNING * * *
You feel sick. The hungry ghost hits you.
You feel somewhat more hungry.
You closely miss the hungry ghost.
The hungry ghost is severely damaged.
You die...

##.## #...# #...#
#...# #...# #...#
#####...#######.#
........<.....>..
......†.W@.......
........)........
#####...#####.#..
#...# # #...#
#...# #...# #...


You could see a hungry ghost.

Vanquished Creatures
  Erica (D:8)
  Prince Ribbit (D:7)
  2 phantoms (D:7)
  3 ogres (D:7)
  2 centaurs
  2 bullfrogs
  A scorpion (D:7)
  4 howler monkeys
  2 crimson imps
  A bullfrog zombie (D:5)
  A centaur zombie (D:7)
  5 orc priests
  A jelly (D:5)
  2 bullfrog skeletons (D:7)
  A centaur skeleton (D:8)
  3 iguanas
  8 orc wizards
  4 worker ants
  3 killer bee zombies
  2 hound skeletons
  A howler monkey skeleton (D:4)
  A worker ant zombie (D:7)
  8 adders
  6 river rats (D:6)
  3 shadow imps
  An ooze (D:2)
  An adder zombie (D:5)
  3 worms (D:4)
  An adder skeleton (D:6)
  A dart slug (D:1)
  4 leopard geckos
  17 orcs
  A ball python (D:2)
  7 bats
  8 giant cockroaches
  2 gnoll zombies (D:5)
  6 goblins
  A hobgoblin (D:2)
  2 jackals (D:1)
  4 kobolds
  6 quokkas
  6 frilled lizards
  A leopard gecko skeleton (D:5)
  37 rats
177 creatures vanquished.

Notes
Turn   | Place    | Note
-------+----------+-------------------------------------------
     0 | D:1      | Naow the Minotaur Berserker began the quest for the Orb.
     0 | D:1      | Reached XP level 1. HP: 19/19 MP: 0/0
   223 | D:1      | Reached skill level 4 in Axes
   281 | D:1      | Reached XP level 2. HP: 25/27 MP: 1/1
  1112 | D:2      | Reached XP level 3. HP: 22/33 MP: 2/2
  1289 | D:2      | Reached skill level 5 in Axes
  1839 | D:3      | Found a stormy altar of Qazlal.
  1939 | D:3      | Reached ** piety under Trog
  2070 | D:3      | Reached XP level 4. HP: 28/40 MP: 3/3
  2463 | D:4      | Reached skill level 6 in Axes
  2467 | D:4      | Reached XP level 5. HP: 21/46 MP: 4/4
  2517 | D:4      | Found a bloodstained altar of Trog.
  2705 | D:4      | Found a burning altar of Makhleb.
  2817 | D:4      | Reached skill level 7 in Axes
  3173 | D:4      | Reached skill level 8 in Axes
  3173 | D:4      | Reached XP level 6. HP: 39/52 MP: 5/5
  3506 | D:5      | Entered Level 5 of the Dungeon
  3536 | D:5      | Reached skill level 9 in Axes
  3608 | D:5      | Reached XP level 7. HP: 56/58 MP: 6/6
  3719 | D:5      | Found a basalt altar of Yredelemnul.
  4013 | D:5      | Reached *** piety under Trog
  4059 | D:5      | Reached skill level 10 in Axes
  4074 | D:5      | Found a white marble altar of Elyvilon.
  4451 | D:6      | Reached skill level 11 in Axes
  4456 | D:6      | Found a staircase to the Ecumenical Temple.
  4790 | D:6      | Reached **** piety under Trog
  4795 | D:6      | Reached XP level 8. HP: 62/66 MP: 7/7
  5213 | D:7      | Reached skill level 12 in Axes
  5267 | D:7      | Got a bloodstained mace
  5268 | D:7      | Identified the +1 mace "Xoamo Yfeph" {flame, Str+3} (You found it on level 7 of the Dungeon)
  5824 | D:7      | Reached skill level 5 in Armour
  5931 | D:7      | Noticed Prince Ribbit
  5940 | D:7      | Killed Prince Ribbit
  5940 | D:7      | Reached XP level 9. HP: 60/71 MP: 8/8
  6003 | D:7      | Found an opulent altar of Gozag.
  6006 | D:7      | Found a glowing golden altar of the Shining One.
  6009 | D:7      | Found a deep blue altar of Sif Muna.
  6188 | D:7      | Found a shadowy altar of Dithmenos.
  6217 | D:8      | Noticed Erica
  6245 | D:8      | Killed Erica
  6245 | D:8      | Reached skill level 10 in Armour
  6245 | D:8      | HP: 3/71 [poisoned by Erica (bolt of poison)]
  6246 | D:8      | Succumbed to Erica's bolt of poison

Vault maps used:
D:1:      dpeg_arrival_erosion
D:3:      st_stairs_12, grunt_qazlal_sundering
D:4:      marbit_many_paths, st_stairs_11, trog_book
D:5:      lemuel_zombie_altar_yredelemnul, nicolae_overflow_hidden_temple,
          first_bread, elyvilon_altar_3
D:6:      lemuel_ratsnest
D:7:      grunt_dithmenos_shadows, grunt_temple_overflow_diamond,
          uniq_prince_ribbit1
D:8:      serial_shops, shop, grunt_livestock, small_chamber_with_monster,
          uniq_erica

Skill      XL: |  1  2  3  4  5  6  7  8  9 |
---------------+----------------------------+-----
Axes           | 4 5 6 8 9 11 12 | 12.3
Armour         | 7 10 | 10.2
Fighting       | |  3.7
Dodging        | |  2.1

Action                   |  1- 3 |  4- 6 |  7- 9 || total
-------------------------+-------+-------+-------++-------
Melee: Hand axe          |    82 |   101 |   236 ||   419
       Headbutt          |    12 |    25 |    61 ||    98
       Mace              |       |       |    96 ||    96
Invok: Berserk           |       |     4 |     2 ||     6
  Use: Scroll            |       |       |     4 ||     4
  Eat: Chunk             |     4 |     7 |    27 ||    38
Armor: Animal skin       |    13 |     7 |       ||    20
       Chain mail        |       |    16 |   115 ||   131
       Plate armour      |       |       |    33 ||    33
Dodge: Dodged            |    47 |    50 |   108 ||   205
